 Dungeon Crawl Stone Soup version 0.32-a0-876-gcfddb08e57 (webtiles) character file.

Game seed: 8811458355535594

21 croobank the Caller (level 2, -1/19 HPs)
             Began as a Human Summoner on Apr 1, 2024.
             Killed from afar by Natasha (6 damage)
             ... with a magic dart
             ... on level 2 of the Dungeon.
             The game lasted 00:09:51 (1596 turns).

croobank the Caller (Human Summoner)                Turns: 1596, Time: 00:09:52

Health: -1/19      AC:  3    Str:  8    XL:     2   Next: 83%
Magic:  1/5        EV: 11    Int: 15    God:
Gold:   77         SH:  0    Dex: 13    Spells: 2/5 levels left

rFire   . . .        f - +0 dagger
rCold   . . .        (no shield)
rNeg    . . .        a - +0 robe
rPois   .            (no helmet)
rElec   .            j - +0 cloak
rCorr   .            (no gloves)
SInv    .            (no boots)
Will    .....        (no amulet)
Stlth   ++           (no ring)
HPRegen 0.23/turn    (no ring)
MPRegen 0.09/turn

%: no passive effects
@: no status effects
A: explore regen
a: no special abilities


You were on level 2 of the Dungeon.
You visited 1 branch of the dungeon, and saw 2 of its levels.

You collected 77 gold pieces.

Inventory:

Hand Weapons
 f - a +0 dagger (weapon)
 h - a +0 hand axe
 l - a +0 long sword
Missiles
 g - 5 poisoned darts (quivered)
Armour
 a - a +0 robe (worn)
 d - a +0 leather armour
 j - a +0 cloak (worn)
Scrolls
 c - a scroll of revelation {unknown}
 e - a scroll of teleportation {unknown}
 k - a scroll of amnesia {unknown}
 n - a scroll of poison {unknown}
Potions
 b - 2 potions of magic
 i - a potion of resistance {unknown}
 m - a potion of degeneration {unknown}
 o - a potion of attraction {unknown}


   Skills:
 + Level 2.3 Dodging
 + Level 2.4 Stealth
 + Level 2.3 Spellcasting
 + Level 4.2 Summonings


You had 2 spell levels left.
You knew the following spells:

 Your Spells              Type           Power      Damage    Failure   Level
a - Summon Small Mammal   Summ           56%        N/A       3%          1
b - Call Imp              Summ           28%        N/A       6%          2

Your spell library contained the following spells:

 Spells                   Type           Power      Damage    Failure   Level
 Sublimation of Blood     Necr           1%         N/A       32%         2
 Call Canine Familiar     Summ           14%        N/A       12%         3
 Summon Blazeheart Golem  Fire/Summ      8%         N/A       65%         4
 Summon Lightning Spire   Summ/Air       8%         N/A       65%         4
 Summon Hydra             Summ           7%         N/A       100%        7


Dungeon Overview and Level Annotations

Branches:
Dungeon (2/15)

Altars:

Shops:
D:1 *

Annotations:
D:2 Natasha


Innate Abilities, Weirdness & Mutations

You regain HP and MP as you explore.


Message History

Your quokka disappears in a puff of smoke!
Your cerulean imp disappears in a puff of smoke!
A ball python comes into view.
Casting: Summon Small Mammal (safe; 3% risk of failure)
Confirm with . or Enter, or press ? or * to list all spells.
A tiny devil pulls itself out of the air.
The ball python hisses angrily.
The ball python moves out of view.
Casting: Call Imp (safe; 6% risk of failure)
Confirm with . or Enter, or press ? or * to list all spells.
You swap places.
You see here 5 stones.
Your cerulean imp hits the ball python from afar with a -3 spear.
Your rat closely misses the ball python.
The ball python closely misses your rat.
Your cerulean imp hits the ball python from afar with a -3 spear.
The ball python dies!
Your bat disappears in a puff of smoke!
Your cerulean imp disappears in a puff of smoke!
You swap places.
Your rat disappears in a puff of smoke!
Natasha, Servant of Life and Death comes into view.
Found 4 curare-tipped darts.
Natasha casts a spell at you. The magic dart hits you!
You see here a scroll labelled SUC TAEBAXALU.
Casting: Summon Small Mammal (safe; 3% risk of failure)
Confirm with . or Enter, or press ? or * to list all spells.
A tiny devil pulls itself out of the air.
Casting: Call Imp (safe; 6% risk of failure)
Confirm with . or Enter, or press ? or * to list all spells.
Natasha claws you!
* * * LOW HITPOINT WARNING * * *
Your cerulean imp hits Natasha with a -3 spear.
Casting: Summon Small Mammal (safe; 3% risk of failure)
Confirm with . or Enter, or press ? or * to list all spells.
Natasha stares at you and mumbles some strange words.
The magic dart hits you.
You die...
Natasha curls up and begins to purr.

#...###.....#
#####......>#
#......##
#.#..#.########
#.#..#.........
#.#..##########
##.#..#
#####..#..###
.......@r...#
#####.h#........
#5b#..#.####
#..#..#...
#..#.......
#...........
#..###...... ...
..##


You could see Natasha (ally target), a friendly cerulean imp (summoned), a
friendly quokka (summoned) and a friendly bat (summoned).

Vanquished Creatures
  A quokka (D:2)
  4 kobolds (D:1)
5 creatures vanquished.

Vanquished Creatures (collateral kills)
  3 ball pythons
  An endoplasm (D:1)
  2 jackals (D:2)
  5 frilled lizards
  4 kobolds
  A rat (D:1)
16 creatures vanquished.

Grand Total: 21 creatures vanquished

Notes
Turn   | Place    | Note
-------+----------+-------------------------------------------
     0 | D:1      | croobank the Human Summoner began the quest for the Orb.
     0 | D:1      | Reached XP level 1. HP: 13/13 MP: 3/3
   176 | D:1      | Found Duve's Assorted Antiques.
   599 | D:1      | Reached XP level 2. HP: 9/19 MP: 1/5
   654 | D:1      | Learned a level 2 spell: Call Imp
  1591 | D:2      | Noticed Natasha
  1596 | D:2      | Killed from afar by Natasha

Illustrated notes

Levels and vault maps discovered:
D:1:      roderic_octagonal_star, layout_loops_corners, serial_shops,
          nicolae_shop_overgrown_old_shop, serial_bayou_pond_d,
          lexackson_kobold_supper
D:2:      layout_loops_ring, grunt_ministairs_12, minmay_pentomino_r4,
          uniq_natasha

Action                     || total
---------------------------++-------
  Melee: Dagger            ||     9
         Unarmed           ||     2
  Throw: Dart              ||     5
   Cast: Summon Small Mamm ||    25
         Call Imp          ||     8
 Armour: Robe              ||    18
  Dodge: Dodged            ||    21

Table legend: (Time is in decaauts)
 A = Elapsed time spent in this place.
 B = Non-inter-level travel time spent in this place.
 C = Inter-level travel time spent in this place.
 D = Time resting spent in this place.
 E = Time spent auto-exploring this place.
 F = Levels seen in this place.
 G = Mean time per level.
                   A        B        C        D        E       F      G
               +--------+--------+--------+--------+--------+-----+--------+
         Total |   1597 |   1528 |     69 |    152 |   1096 |   2 |  798.5 |
       Dungeon |   1597 |   1528 |     69 |    152 |   1096 |   2 |  798.5 |
               +--------+--------+--------+--------+--------+-----+--------+

Top non-repeatable levels by time:
     D:1: 1229 daAuts
     D:2: 367 daAuts
